 Dungeon Crawl Stone Soup version 0.21-a0-509-gecc5317 (webtiles) character file.

2629 zero the Covert (level 9, 0/39 HPs)
             Began as a Spriggan Earth Elementalist on Nov 29, 2017.
             Was a Follower of Vehumet.
             Slain by a gnoll
             ... wielding a +0 halberd
              (15 damage)
             ... in a bailey.
             The game lasted 00:26:14 (7709 turns).

zero the Covert (Spriggan Earth Elementalist)       Turns: 7709, Time: 00:26:14

Health: 0/39       AC:  6    Str:  4    XL:     9   Next: 35%
Magic:  3/28       EV: 18    Int: 19    God:    Vehumet [*.....]
Gold:   262        SH:  0    Dex: 17    Spells: 11/20 levels left

rFire    + . .     SeeInvis +   C - staff of wizardry {!a}
rCold    + + +     Gourm    .   (shield currently unavailable)
rNeg     . . .     Faith    .   p - +2 robe {MR+}
rPois    .         Spirit   .   (helmet restricted)
rElec    .         Reflect  .   D - +1 cloak
rCorr    .         Harm     .   (gloves unavailable)
MR       ++...     Clarity  +   (boots unavailable)
Stlth    ++++++....             a - amulet of magic regeneration
HPRegen  0.13/turn              g - ring of magical power
MPRegen  0.46/turn              q - ring of stealth

@: very slightly contaminated, very quick
A: very small, unfitting armour, claws 2, see invisible, clarity, cold
resistance 3, fire resistance 1, herbivore 3, speed 3, slow metabolism 2
a: Renounce Religion


You were in a bailey.
You worshipped Vehumet.
Vehumet was aware of your devotion.
You were very hungry.

You visited 2 branches of the dungeon, and saw 8 of its levels.
You also visited: Bailey.

You collected 387 gold pieces.
You spent 125 gold pieces at shops.

Inventory:

Hand Weapons
 h - a +0 dagger
Missiles
 b - 20 stones (quivered)
 I - a throwing net
Armour
 p - a +2 robe of magic resistance (worn)
 D - a +1 cloak (worn)
Magical Staves
 C - an uncursed staff of wizardry (weapon) {!a}
Jewellery
 a - an amulet of magic regeneration (around neck)
 g - a ring of magical power (left claw)
 o - an uncursed ring of protection from fire
 q - a ring of stealth (right claw)
Wands
 m - a wand of enslavement (12)
 u - a wand of iceblast (11)
 v - a wand of flame (19)
Scrolls
 k - 5 scrolls of magic mapping
 r - 2 scrolls of enchant armour
 w - 2 scrolls of identify
 y - a scroll of fog
 z - 3 scrolls of remove curse
Potions
 f - 2 potions of agility
 i - a potion of lignification {unknown}
 n - 2 potions of might {unknown}
 t - a potion of invisibility {unknown}
 x - a potion of haste
 A - a potion of brilliance {unknown}
 E - a potion of heal wounds {unknown}
Books
 e - a book of Geomancy

   Spells                             Type                      Level
   a - Sandblast                      Earth                        1
   b - Passwall                       Transmutation/Earth          2
   c - Stone Arrow                    Conjuration/Earth            3
   d - Petrify                        Transmutation/Earth          4
   e - Lee's Rapid Deconstruction     Earth                        5
 j - a book of Necromancy

   Spells                             Type                      Level
   a - Pain                           Necromancy                   1
   b - Animate Skeleton               Necromancy                   1
   c - Vampiric Draining              Necromancy                   3
   d - Regeneration                   Charms/Necromancy            3
   e - Animate Dead                   Necromancy                   4
   f - Control Undead                 Necromancy                   4
 s - Jessica's Almanac of Curses
   (You found it on level 3 of the Dungeon)

   Spells                             Type                      Level
   a - Slow                           Hexes                        2
Comestibles
 c - 2 royal jellies
 d - 10 bread rations
 B - 13 fruits


   Skills:
 + Level 5.8 Short Blades
 - Level 3.0 Dodging
 + Level 10.5 Stealth
 - Level 2.7 Unarmed Combat
 + Level 6.0 Spellcasting
   Level 1.3 Transmutations
 * Level 7.4 Earth Magic


You had 11 spell levels left.
You knew the following spells:

 Your Spells              Type           Power        Failure   Level  Hunger
a - Sandblast             Erth           ####..       1%          1    None
b - Stone Arrow           Conj/Erth      ###...       3%          3    ##.....
c - Lee's Rapid Deconstr  Erth           ####......   6%          5    #####..


Dungeon Overview and Level Annotations

Branches:
Dungeon (7/15)             Temple (1/1) D:5

Altars:
Ashenzari
Elyvilon
Kikubaaqudgha
Makhleb
Okawaru
Trog
Vehumet
Yredelemnul

Shops:
D:5 (*[!

Annotations:
D:7 Duvessa


Innate Abilities, Weirdness & Mutations

You are very small and have problems with some larger weapons.
You are too small for most types of armour.
You have supernaturally acute eyesight. (SInv)
You are a herbivore.
You cover ground extremely quickly.
You need consume almost no food.
You have very sharp fingernails.
You possess an exceptional clarity of mind.
Your flesh is almost immune to the effects of cold. (rC+++)
Your flesh is heat resistant. (rF+)


Message History

A gnoll comes into view. It is wielding a halberd.
Casting: Sandblast
Confirm with . or Enter, or press ? or * to list all spells.
Aiming: Sandblast
Press: ? - help, Shift-Dir - straight line, f/p - gnoll shaman
Aim: a gnoll shaman, wielding a spear and wearing a scale mail (moderately wounded)
The blast of sand hits the gnoll shaman.
You kill the gnoll shaman!
Vehumet accepts your kill.
You feel your power returning.
b - 21 stones
Casting: Sandblast
Confirm with . or Enter, or press ? or * to list all spells.
Aiming: Sandblast
Press: ? - help, Shift-Dir - straight line, f - gnoll
Aim: a gnoll, wielding a halberd and wearing a scale mail The blast of sand hits the gnoll.
b - 20 stones The gnoll hits you from afar with a halberd!
You die...

♣♣≈≈.. ♣.≈..#
♣♣.≈..# ♣..≈..#
♣..≈..# ♣♣..≈..# #
♣♣...≈..######.
#♣♣♣).....gg...#..
#@†g∩..g...gg..gg.
#♣♣♣.......'...#..
♣♣...≈..######.
♣...≈..# #
♣...≈..# ♣♣..≈..#
♣♣.≈..# ♣.≈..#
♣♣≈≈..


You could see 2 gnolls.

Vanquished Creatures
  The ghost of Dustman the Twirler, an amateur HuGl of Cheibriados (D:5)
  A hippogriff (D:7)
  A spriggan (D:7)
  A sky beast (D:5)
  3 phantoms
  2 ogres (D:5)
  A centaur (D:6)
  A big kobold (D:7)
  A bullfrog (D:6)
  2 gnoll sergeants (Bailey)
  4 scorpions
  Dowan (D:7)
  2 howler monkeys
  2 crimson imps (D:5)
  4 hounds
  A jelly (D:6)
  Crazy Yiuf (D:2)
  A centaur skeleton (D:6)
  2 gnoll shamans (Bailey)
  An orc priest (D:7)
  Jessica (D:3)
  An iguana (D:5)
  3 orc wizards
  Ijyb (D:4)
  4 worker ants
  Terence (D:2)
  Robin (D:2)
  7 gnolls
  A howler monkey skeleton (D:6)
  9 adders
  A shadow imp (D:4)
  An adder skeleton (D:4)
  3 worms
  A dart slug (D:1)
  A leopard gecko (D:3)
  14 orcs
  2 ball pythons
  5 giant cockroaches
  16 goblins
  7 hobgoblins
  2 jackals (D:1)
  8 quokkas
  16 bats
  11 frilled lizards
  6 kobolds
  A leopard gecko skeleton (D:4)
  A quokka skeleton (D:4)
  5 rats
163 creatures vanquished.

Notes
Turn   | Place    | Note
-------+----------+-------------------------------------------
     0 | D:1      | zero the Spriggan Earth Elementalist began the quest for the Orb.
     0 | D:1      | Reached XP level 1. HP: 9/9 MP: 5/5
   169 | D:1      | Reached XP level 2. HP: 13/13 MP: 4/6
   241 | D:1      | Reached skill level 1 in Unarmed Combat
   306 | D:1      | Reached skill level 4 in Stealth
   714 | D:1      | Reached XP level 3. HP: 10/16 MP: 1/8
   985 | D:1      | Learned a level 3 spell: Stone Arrow
  1017 | D:2      | Noticed Robin
  1250 | D:4      | Noticed a scorpion
  1270 | D:4      | Killed a scorpion
  1270 | D:4      | Reached skill level 5 in Stealth
  1270 | D:4      | Reached XP level 4. HP: 11/21 MP: 2/9
  1639 | D:4      | Reached skill level 6 in Stealth
  1680 | D:4      | Noticed Ijyb
  1685 | D:4      | Killed Ijyb
  1685 | D:4      | Reached XP level 5. HP: 24/24 MP: 7/10
  2008 | D:4      | Noticed a phantom
  2264 | D:3      | Learned a level 5 spell: Lee's Rapid Deconstruction
  2465 | D:3      | Reached skill level 1 in Short Blades
  2632 | D:3      | Noticed Jessica
  2638 | D:3      | Killed Jessica
  2645 | D:3      | Identified Jessica's Almanac of Curses
  2972 | D:4      | Killed a phantom
  2972 | D:4      | Reached skill level 7 in Stealth
  2972 | D:4      | Reached XP level 6. HP: 8/28 MP: 5/11
  4025 | D:2      | Killed Robin
  4219 | D:2      | Found a runed door.
  4223 | D:2      | Noticed Crazy Yiuf
  4235 | D:2      | Killed Crazy Yiuf
  4488 | D:2      | Noticed Terence
  4493 | D:2      | Killed Terence
  4518 | D:2      | Reached XP level 7. HP: 32/32 MP: 12/12
  4763 | D:5      | Entered Level 5 of the Dungeon
  5067 | D:5      | Reached skill level 8 in Stealth
  5252 | D:5      | Reached skill level 5 in Earth Magic
  5286 | D:5      | Found Bacad's Antique Armour Boutique.
  5287 | D:5      | Found Gunenoat's Distillery.
  5319 | D:5      | Bought a glowing robe for 99 gold pieces
  5397 | D:5      | Found Agoronia's General Store.
  5400 | D:5      | Bought a scroll of identify for 26 gold pieces
  5401 | D:5      | Gained mutation: You have sharp fingernails. [potion of mutation]
  5401 | D:5      | Gained mutation: You have sharp toenails. [potion of mutation]
  5444 | D:5      | Found a staircase to the Ecumenical Temple.
  5551 | Temple   | Entered the Ecumenical Temple
  5574 | Temple   | Became a worshipper of Vehumet
  5635 | D:5      | Reached XP level 8. HP: 33/36 MP: 14/14
  5662 | D:5      | Noticed Dustman's ghost (amateur HuGl)
  5673 | D:5      | Killed Dustman's ghost
  5673 | D:5      | Reached skill level 9 in Stealth
  5853 | D:5      | Found Udisoh Tamn's Antique Weapon Shop.
  6287 | D:6      | Found an ancient bone altar of Kikubaaqudgha.
  6408 | D:6      | Lost mutation: You have sharp toenails. [potion of mutation]
  6408 | D:6      | Gained mutation: Your flesh is cold resistant. (rC+) [potion of mutation]
  6408 | D:6      | Gained mutation: Your flesh is very cold resistant. (rC++) [potion of mutation]
  6409 | D:6      | Gained mutation: Your flesh is heat resistant. (rF+) [potion of mutation]
  6409 | D:6      | Gained mutation: Your flesh is almost immune to the effects of cold. (rC+++) [potion of mutation]
  6409 | D:6      | Gained mutation: You possess an exceptional clarity of mind. [potion of mutation]
  6409 | D:6      | Gained mutation: You have very sharp fingernails. [potion of mutation]
  6784 | D:6      | Reached skill level 5 in Spellcasting
  6806 | D:6      | Reached skill level 5 in Short Blades
  7202 | D:7      | Noticed a hippogriff
  7212 | D:7      | Killed a hippogriff
  7212 | D:7      | Reached skill level 10 in Stealth
  7212 | D:7      | Reached XP level 9. HP: 18/39 MP: 18/18
  7221 | D:7      | Reached * piety under Vehumet
  7221 | D:7      | Offered knowledge of Flame Tongue by Vehumet.
  7397 | D:7      | Noticed Dowan
  7400 | D:7      | Noticed Duvessa
  7405 | D:7      | Killed Dowan
  7553 | D:7      | Found a flagged portal.
  7577 | Bailey   | Entered a bailey
  7709 | Bailey   | Slain by a gnoll

Vault maps used:
D:1:      dpeg_arrival_stonehenge_8_columns, hangedman_feature_mirror,
          minmay_misc_feat_hallway
D:2:      first_bread, uniq_robin, uniq_terence, uniq_crazy_yiuf_cottage
D:3:      hangedman_decor_diamond_cutter, kennysheep_jessica_study
D:4:      kennysheep_boxes, uniq_ijyb
D:5:      lemuel_temple_firewalk_b, serial_shops, nicolae_shop_behind_doors,
          shop, kennysheep_mini_moat, shop, st_stairs_11, serial_bayou_pond_b,
          bh_walls_and_bars
D:6:      kiku_gazebo_pond_becter
D:7:      minmay_cornered_nines, enter_bailey_3, the_bakery, uniq_joseph,
          uniq_duvessa
Temple:   nicolae_temple_the_god_donut
Bailey:   bailey_polearm_gnolls_kennysheep, bailey

Skill      XL: |  1  2  3  4  5  6  7  8  9 |
---------------+----------------------------+-----
Unarmed Combat | 1 2 |  2.7
Stealth        | 4 5 6 7 8 10 | 10.5
Short Blades   | 1 2 3 5 |  5.8
Earth Magic    | 3 4 5 6 7 |  7.4
Spellcasting   | 3 5 6 |  6.0
Dodging        | |  3.0
Transmutations | |  1.3

Action                   |  1- 3 |  4- 6 |  7- 9 || total
-------------------------+-------+-------+-------++-------
Melee: Short sword       |     1 |       |       ||     1
       Unarmed           |     1 |       |       ||     1
       Dagger            |    26 |    51 |    38 ||   115
       Kick              |       |       |     2 ||     2
 Cast: Sandblast         |    37 |   107 |   127 ||   271
       Stone Arrow       |     1 |     1 |       ||     2
       Lee's Rapid Decon |       |       |     9 ||     9
  Use: Scroll            |       |     4 |    12 ||    16
       Potion            |       |       |     6 ||     6
 Stab: Sleeping          |     8 |    17 |    20 ||    45
       Distracted        |       |     1 |       ||     1
  Eat: Bread ration      |       |     1 |       ||     1
Armor: Robe              |     4 |    11 |    13 ||    28
Dodge: Dodged            |    43 |    84 |   101 ||   228

Table legend:
 A = Spawn XP
 B = Non-spawn XP
 C = Spawn XP percentage of total XP
 D = Spawn monster count
 E = Non-spawn monster count
 F = Spawn count percentage of total count
 G = Total turns spent on level
                    A         B        C        D         E        F      G
               +---------+---------+-------+---------+---------+-------+---------
         Total |       0 |    3757 |   0.0 |       0 |     163 |   0.0 |  7709
               +---------+---------+-------+---------+---------+-------+---------
           D:1 |       0 |      43 |   0.0 |       0 |      27 |   0.0 |  1006
           D:2 |       0 |     135 |   0.0 |       0 |      30 |   0.0 |   965
           D:3 |       0 |     145 |   0.0 |       0 |      22 |   0.0 |  1157
           D:4 |       0 |     456 |   0.0 |       0 |      22 |   0.0 |  1966
           D:5 |       0 |    1083 |   0.0 |       0 |      16 |   0.0 |  1070
           D:6 |       0 |     686 |   0.0 |       0 |      17 |   0.0 |   962
           D:7 |       0 |     836 |   0.0 |       0 |      20 |   0.0 |   416
        Bailey |       0 |     373 |   0.0 |       0 |       9 |   0.0 |   132
               +---------+---------+-------+---------+---------+-------+---------
